Map: Thunderbird LE

Players

ILuvToStim

  • Race: Terran Terran
  • League: Platinum
  • Spawn Location: 11:00

SandboX - Winner!

  • Race: Zerg Zerg
  • Spawn Location: 5:00

VOD

Have the link to the VOD?

Description

Time

  • Played on: Aug. 10, 2019, 1:27 p.m.
  • Length: 16:30
Show
View Real Time Build Order
Export as new Build Order

ILuvToStim Terran 

Build Orders:  

Get SALT Encoding   

  12  0:01  SCV  
  13  0:13  SCV  
  14  0:20  Supply Depot  
  14  0:27  Refinery  
  15  0:28  SCV  
  15  0:45  Barracks  
  15  0:49  SCV  
  16  0:58  Supply Depot  
  16  1:01  SCV  
  17  1:13  SCV  
  18  1:21  Refinery  
  18  1:25  SCV  
  19  1:35  Marine  
  19  1:37  SCV  
  21  1:51  Factory  
  21  1:57  SCV  
  21  2:00  Barracks Tech Lab  
  22  2:06  Supply Depot  
  22  2:13  SCV  
  23  2:30  Orbital Command  
  23  2:32  Barracks Reactor  
  23  2:41  Siege Tank  
  26  2:52  Engineering Bay  
  26  3:09  Command Center  
  26  3:13  Marine  
  26  3:14  Siege Tank  
  26  3:16  Marine  
  31  3:23  SCV  
  32  3:30  Supply Depot  
  32  3:39  Marine x2  
  34  3:43  SCV  
  35  3:57  Missile Turret, Marine x2  
  37  4:02  Barracks  
  37  4:06  SCV  
  38  4:12  Hellion  
  40  4:22  Supply Depot  
  40  4:34  Siege Tank, Marine  
  44  4:44  Armory  
  44  4:59  Marine x2  
  46  5:17  Marine  
  46  5:19  Barracks Tech Lab  
  47  5:30  Infernal Pre-Igniter  
  47  5:33  Siege Tank  
  40  6:05  Siege Tank  
  40  6:09  Marine  
  40  6:10  Marine, Marauder  
  45  6:30  Marine x2  
  45  6:31  Marauder  
  42  6:37  Siege Tank  
  45  6:43  Orbital Command  
  43  6:48  Marine  
  43  6:52  SCV  
  43  6:53  Marauder  
  47  6:57  Combat Shield  
  47  7:01  Terran Infantry Weapons Level 1  
  47  7:04  SCV  
  48  7:09  SCV  
  48  7:15  Missile Turret  
  49  7:16  SCV  
  49  7:21  SCV  
  51  7:26  Hellion  
  51  7:28  SCV  
  54  7:33  SCV  
  54  7:36  Starport  
  55  7:38  Terran Vehicle Weapons Level 1  
  55  7:40  SCV  
  55  7:41  Marauder  
  55  7:42  Marine  
  55  7:44  Marine  
  59  7:45  SCV  
  59  7:47  Hellion  
  63  7:52  SCV  
  63  7:54  Drilling Claws  
  63  7:57  SCV  
  65  8:02  Marauder  
  65  8:03  Supply Depot  
  65  8:05  SCV  
  68  8:07  Supply Depot  
  68  8:08  Hellion  
  70  8:17  Stimpack, Starport Reactor  
  70  8:23  SCV  
  71  8:31  Refinery  
  71  8:34  Refinery, SCV  
  71  8:35  SCV  
  73  8:46  SCV  
  73  8:47  SCV, Command Center  
  75  8:54  Medivac x2  
  75  8:55  Hi-Sec Auto Tracking  
  79  8:59  SCV  
  80  9:07  Liberator  
  80  9:10  Marine  
  80  9:11  SCV, Marine  
  83  9:23  SCV  
  84  9:28  Marine x2  
  89  9:32  Terran Vehicle And Ship Armor Level 1  
  89  9:46  Marine  
  89  9:52  Terran Infantry Armor Level 1  
  90  9:58  Missile Turret  
  90  10:09  Marine x2, Marauder  
  94  10:16  Thor  
  94  10:17  Concussive Shells  
  100  10:27  Marine x2  
  102  10:31  Marauder  
  81  10:45  Marine x2  
  74  10:52  Marauder  
  71  10:59  Thor  
  71  11:03  Marine x2  
  79  11:10  Starport  
  79  11:13  Marauder  
  79  11:14  Fusion Core  
  81  11:21  Marine x2  
  83  11:26  Terran Ship Weapons Level 1  
  83  11:31  Planetary Fortress  
  83  11:34  Missile Turret  
  83  11:35  Marauder  
  83  11:38  Refinery, Marine  
  83  11:39  Marine  
  87  11:40  Refinery  
  87  11:42  Hellion  
  87  11:43  SCV x2  
  87  11:46  Terran Infantry Weapons Level 2  
  91  11:50  Starport  
  91  11:55  SCV x2  
  91  11:56  Marine x2, Marauder  
  97  12:04  Hellion  
  99  12:10  Starport Tech Lab  
  99  12:12  Weapon Refit  
  99  12:14  Marine x2  
  101  12:17  Marauder  
  103  12:30  Barracks  
  103  12:32  Marine x2  
  105  12:39  Marauder  
  107  12:47  Sensor Tower  
  107  12:50  Marine x2  
  108  13:00  Siege Tank  
  111  13:07  Marine  
  111  13:08  Marine, Marauder  
  111  13:09  SCV  
  81  13:20  Terran Vehicle And Ship Armor Level 2  
  81  13:22  SCV  
  81  13:25  Marine x2  
  59  13:29  Marauder  
  59  13:32  Siege Tank  
  42  13:43  Marine  
  42  13:50  Starport Reactor  
  42  13:51  Battlecruiser, Marauder  
  42  13:54  Viking x2  
  54  13:59  Barracks Reactor  
  49  14:04  Siege Tank  
  43  14:20  Marine  
  43  14:21  Missile Turret  
  43  14:22  Marine x2  
  46  14:38  Marine  
  31  14:55  Marine x2  
  31  14:56  Marine  
  28  15:13  Marine x2  
  14  15:31  Marine x2  
Show
View Real Time Build Order
Export as new Build Order

SandboX Zerg - Winner!

Build Orders: Hatch First 

Get SALT Encoding   

  12  0:01  Drone  
  13  0:12  Overlord  
  13  0:21  Drone  
  14  0:32  Drone x2  
  14  0:34  Drone  
  17  0:55  Hatchery  
  16  1:03  Drone  
  16  1:04  Drone  
  18  1:06  Extractor  
  17  1:17  Spawning Pool  
  16  1:19  Drone  
  16  1:22  Drone  
  18  1:28  Drone  
  19  1:41  Overlord  
  19  1:52  Drone  
  20  2:07  Zergling x2  
  20  2:08  Zergling x2  
  22  2:10  Queen x2  
  22  2:12  Metabolic Boost  
  22  2:15  Drone  
  27  2:18  Drone  
  28  2:29  Drone x2  
  30  2:45  Hatchery  
  29  2:54  Drone x3  
  29  2:55  Drone  
  33  2:59  Overlord  
  33  3:06  Drone  
  33  3:07  Drone  
  35  3:17  Overlord  
  35  3:18  Drone  
  36  3:21  Queen  
  38  3:28  Drone x4  
  38  3:30  Drone  
  43  3:36  Roach Warren  
  42  3:45  Drone x2  
  42  3:46  Drone x2  
  46  3:54  Extractor  
  45  3:58  Extractor  
  44  4:06  Drone x5  
  44  4:07  Drone x3  
  44  4:09  Overlord  
  52  4:17  Lair  
  52  4:24  Evolution Chamber  
  52  4:27  Evolution Chamber  
  50  4:59  Zerg Missile Weapons Level 1  
  50  5:00  Zerg Ground Armor Level 1  
  50  5:04  Drone x11  
  50  5:05  Drone x5  
  66  5:07  Overlord x3  
  66  5:16  Extractor  
  66  5:20  Extractor  
  64  5:26  Roach x5  
  64  5:27  Roach x5  
  83  5:39  Roach x3  
  83  5:41  Overlord x2  
  78  5:56  Roach x5  
  74  6:02  Roach x4  
  62  6:11  Roach  
  62  6:14  Zergling x2  
  62  6:15  Zergling x8  
  60  6:21  Zergling x2, Roach  
  57  6:29  Queen  
  57  6:32  Zergling x8  
  60  6:43  Queen  
  62  6:52  Drone x5  
  62  6:53  Drone  
  68  7:05  Drone x5  
  73  7:12  Queen  
  75  7:27  Drone x6  
  81  7:43  Hydralisk Den  
  80  7:46  Glial Reconstitution  
  80  7:59  Extractor  
  79  8:08  Drone x11  
  90  8:19  Overlord x2  
  90  8:20  Overlord  
  90  8:53  Drone x6  
  90  8:54  Drone x3  
  99  9:00  Hatchery  
  99  9:02  Roach x8  
  114  9:15  Overlord x2  
  114  9:16  Overlord x4  
  114  9:23  Zerg Ground Armor Level 2, Zerg Missile Weapons Level 2  
  114  9:36  Muscular Augments  
  114  10:01  Roach x16  
  146  10:19  Queen  
  148  10:24  Hydralisk x6  
  148  10:27  Overlord x3  
  150  10:41  Hydralisk x10  
  126  10:53  Hydralisk x5  
  134  11:03  Hydralisk x4  
  136  11:09  Grooved Spines  
  142  11:15  Drone  
  142  11:16  Drone x8  
  151  11:23  Overseer  
  151  11:24  Overseer  
  151  11:33  Hydralisk x4  
  151  11:34  Hydralisk x2  
  151  11:36  Roach  
  165  11:46  Roach x5  
  175  11:51  Roach x3  
  181  12:00  Extractor  
  180  12:03  Extractor  
  180  12:04  Overlord x3  
  180  12:05  Overlord x2  
  179  12:13  Overlord x2  
  179  12:14  Overlord x3  
  170  13:13  Roach x7  
  170  13:14  Roach x10  
  170  13:18  Roach x10  
  187  13:40  Roach x6  
  195  14:14  Hatchery, Hydralisk, Roach x2  
  144  14:59  Roach x25  
  194  15:00  Hydralisk x3  
  200  15:16  Hydralisk  
  192  15:34  Hydralisk x7  
  195  15:50  Queen  
  197  16:01  Roach x2  
Tags
 
Add a new tag
Caveats
  • Supply blocks, unpowered buildings, or Contaminate may cause inaccurate times.
  • Supply counts are checked every 10 seconds.